 Dungeon Crawl Stone Soup version 0.31.0-11-ge490571c62 (webtiles) character file.

Game seed: 2111031488709823889

7 jasper the Apothecary (level 1, 0/13 HPs)
             Began as a Vampire Alchemist on Feb 2, 2024.
             Slain by a kobold
             ... wielding a +2 dagger of venom
              (6 damage)
             ... on level 1 of the Dungeon.
             The game lasted 00:00:27 (160 turns).

jasper the Apothecary (Vampire Alchemist)            Turns: 160, Time: 00:00:27

Health: 0/13       AC:  2    Str:  7    XL:     1   Next: 91%
Magic:  1/3        EV: 12    Int: 17    God:
Gold:   0          SH:  0    Dex: 14    Spells: 3/4 levels left

rFire   . . .        c - +0 dagger
rCold   . . .        (no shield)
rNeg    . . .        a - +0 robe
rPois   .            (no helmet)
rElec   .            (no cloak)
rCorr   .            (no gloves)
SInv    +            (no boots)
Will    .....        (no amulet)
Stlth   ++           (no ring)
HPRegen 0.42/turn    (no ring)
MPRegen 0.08/turn

%: no passive effects
@: healing quickly
A: alive, fangs 3, see invisible, vampiric 1
a: Exsanguinate


You were on level 1 of the Dungeon.
You visited 1 branch of the dungeon, and saw 1 of its levels.

Inventory:

Hand Weapons
 c - a +0 dagger (weapon)
Armour
 a - a +0 robe (worn)
Potions
 b - a potion of magic
 d - a potion of lignification {unknown}


   Skills:
 - Level 2.1 Dodging
 - Level 3.0 Stealth
 - Level 2.0 Spellcasting
 - Level 0.6 Conjurations
 + Level 3.9 Alchemy


You had 3 spell levels left.
You knew the following spells:

 Your Spells              Type           Power      Damage    Failure   Level
a - Sting                 Conj/Alch      36%        1d5       8%          1

Your spell library contained the following spells:

 Spells                   Type           Power      Damage    Failure   Level
 Mercury Vapours          Alch/Air       16%        N/A       13%         2
 Mephitic Cloud           Conj/Alch/Air  6%         N/A       30%         3
 Olgreb's Toxic Radiance  Alch           15%        N/A       36%         4
 Sticky Flame             Fire/Alch      8%         2d4       65%         4


Dungeon Overview and Level Annotations

Branches:
Dungeon (1/15)

Altars:


Innate Abilities, Weirdness & Mutations

Your natural rate of healing is accelerated.
You have razor-sharp teeth.
You have supernaturally acute eyesight. (SInv)
You are afflicted with vampirism.


Message History

c - a +0 dagger (weapon)
You see here a rat corpse.
Found a stone staircase leading down.
There is a stone staircase leading down here.
d - an amethyst potion A quokka comes into view.
A bat and 2 kobolds come into view.
A kobold is wielding a +2 dagger of venom.
The kobold shouts! x2
The kobold throws a stone.
The stone hits you but does no damage.
The sting hits the kobold.
The kobold is poisoned.
You kill the kobold!
The bat barely misses you.
The kobold throws a stone.
The stone closely misses you. The bat hits you.
The sting hits the bat.
The bat is poisoned.
The bat is moderately wounded.
You kill the bat!
The sting hits the quokka but does no damage.
The quokka is poisoned.
The quokka bites you.
You are out of magic!
You hit the quokka but do no damage. You bite the quokka, but do no damage.
The quokka twitches its whiskers.
The quokka barely misses you.
You hit the quokka.
The quokka is heavily wounded.
The quokka bites you.
You hit the quokka.
You kill the quokka!
The kobold throws a stone.
The stone closely misses you. The kobold barely misses you.
You see here a bat corpse.
You closely miss the kobold. The kobold closely misses you.
You hit the kobold.
The kobold is heavily wounded.
The kobold hits you with a +2 dagger of venom.
You barely miss the kobold.
The kobold is heavily wounded.
The kobold hits you with a +2 dagger of venom.
You die...

#####.#.#
#.#.# #.#.#
#...#.# #.#
#.# #.###.#
#.#...#
#.#.###
#.#@#
####.#K##
#..)....#
#.......#
#.......#
#.........#
###.......#
#.......#
#.......#


You could see a kobold.

Vanquished Creatures
  A goblin (D:1)
  A hobgoblin (D:1)
  A quokka (D:1)
  2 ball pythons (D:1)
  A bat (D:1)
  A kobold (D:1)
  A rat (D:1)
8 creatures vanquished.

Notes
Turn   | Place    | Note
-------+----------+-------------------------------------------
     0 | D:1      | jasper the Vampire Alchemist began the quest for the Orb.
     0 | D:1      | Reached XP level 1. HP: 13/13 MP: 3/3
   160 | D:1      | Slain by a kobold

Illustrated notes

Levels and vault maps discovered:
D:1:      eino_arrival_water_cross, layout_loops_ring,
          shapermc_ecumenical_altar_hornbeckon

Action                     || total
---------------------------++-------
  Melee: Unarmed           ||     7
         Dagger            ||     6
         Bite              ||     2
   Cast: Sting             ||     9
 Armour: Robe              ||    12
  Dodge: Dodged            ||     8
